 Dungeon Crawl Stone Soup version 0.19-a0-459-gb8ed64d (webtiles) character file.

123 DEFE the Cutter (level 4, -4/27 HPs)
             Began as a Deep Elf Fighter on June 2, 2016.
             Slain by Grinder (7 damage)
             ... on level 3 of the Dungeon.
             The game lasted 00:01:35 (2247 turns).

DEFE the Cutter (Deep Elf Fighter)                  Turns: 2247, Time: 00:01:36

Health: -4/27      AC:  6    Str: 18    XL:     4   Next: 79%
Magic:  6/6        EV:  8    Int: 14    God:
Gold:   110        SH:  9    Dex: 14    Spells: 0 memorised, 3 levels left

rFire  . . .     SeeInvis .     a - +0 rapier
rCold  . . .     Gourm    .     b - +0 scale mail
rNeg   . . .     Faith    .     c - +0 shield
rPois  .         Spirit   .     (no helmet)
rElec  .         Dismiss  .     (no cloak)
rCorr  .         Reflect  .     (no gloves)
SustAt .         Harm     .     (no boots)
MR     .....                    (no amulet)
Stlth  ..........               (no ring)
                                (no ring)

@: mighty, not resistant to hostile enchantments, extremely unstealthy
A: no striking features
a: no special abilities


You were on level 3 of the Dungeon.
You were not hungry.

You visited 1 branch of the dungeon, and saw 3 of its levels.

You collected 110 gold pieces.

Inventory:

Hand Weapons
 a - a +0 rapier (weapon)
Armour
 b - a +0 scale mail (worn)
 c - a +0 shield (worn)
Scrolls
 e - 2 scrolls of enchant armour {unknown}
 i - a scroll of noise {unknown}
 j - a scroll of identify {unknown}
 n - a scroll of fog {unknown}
 o - a scroll of immolation {unknown}
 q - a scroll of enchant weapon {unknown}
 r - a scroll of blinking {unknown}
Potions
 d - a potion of might
 p - a potion of agility {unknown}
 t - a potion of cure mutation {unknown}
Comestibles
 f - a bread ration
 h - a beef jerky
 m - a slice of pizza
 s - a meat ration


   Skills:
 - Level 2.5 Fighting
 + Level 4.0 Short Blades
 - Level 2.4 Armour
 + Level 2.9 Dodging
 + Level 0.3 Stealth
 - Level 2.5 Shields


You had 3 spell levels left.
You didn't know any spells.

Dungeon Overview and Level Annotations

Branches:
Dungeon (3/15)

Altars:

Annotations:
D:3 Grinder


Message History

Grinder is moderately wounded.
You block Grinder's attack.
You closely miss Grinder.
Grinder is moderately wounded.
Grinder hits you.
* * * LOW HITPOINT WARNING * * *
You writhe in agony.
* * * LOW HITPOINT WARNING * * *
You are too injured to fight recklessly!
You are too injured to fight recklessly!
You are too injured to fight recklessly!
Unknown command.
Okay, then.
You puncture Grinder!
Grinder is heavily wounded.
You block Grinder's attack.
Grinder blinks!
You closely miss Grinder.
Grinder is heavily wounded.
Grinder hits you!
You die...

.###....###
####.....#.#
....#.####
##.#......
###..†...######
#.##.###..
###.##......##
##.....#
#.#######..#
......... ##.#
##.# .##....###
#..# #)##.#
....# #.##
#..#.### #.#
##5@...# #.#
#....$.#...#
#.#
#............
#.#
#.....####..#
#.# #.....# #.#
#.....# ......#
#.######


You could see Grinder.

Vanquished Creatures
  A crimson imp (D:3)
  An orc wizard (D:3)
  An adder (D:3)
  A worm (D:2)
  A dart slug (D:2)
  4 orcs (D:3)
  A bat (D:2)
  2 giant cockroaches
  4 goblins
  6 hobgoblins
  6 jackals (D:1)
  3 kobolds
  A quokka (D:3)
  A giant cockroach zombie (D:2)
  3 giant newts
  4 rats
40 creatures vanquished.

Notes
Turn   | Place    | Note
--------------------------------------------------------------
     0 | D:1      | DEFE the Deep Elf Fighter began the quest for the Orb.
     0 | D:1      | Reached XP level 1. HP: 13/13 MP: 3/3
   557 | D:1      | Reached XP level 2. HP: 18/18 MP: 4/4
  1188 | D:2      | Reached skill level 1 in Dodging
  1423 | D:2      | Reached XP level 3. HP: 22/22 MP: 5/5
  1479 | D:2      | Reached skill level 3 in Short Blades
  2221 | D:3      | Noticed Grinder
  2225 | D:3      | Reached XP level 4. HP: 23/27 MP: 6/6
  2241 | D:3      | Reached skill level 4 in Short Blades
  2247 | D:3      | Slain by Grinder

Vault maps used:
D:1:      tarquinn_simple_flora_water_f
D:2:      minmay_door_square
D:3:      first_bread, uniq_sigmund, uniq_grinder, uniq_terence

Skill      XL: |  1  2  3  4 |
---------------+-------------+-----
Dodging        | 1 2 |  2.9
Short Blades   | 3 4 |  4.0
Fighting       | |  2.5
Armour         | |  2.4
Stealth        | |  0.3
Shields        | |  2.5

Action                   |  1- 3 |  4- 6 || total
-------------------------+-------+-------++-------
Melee: Rapier            |   153 |    18 ||   171
  Use: Potion            |     4 |       ||     4
  Eat: Chunk             |     2 |       ||     2
       Bread ration      |     1 |       ||     1
Armor: Scale mail        |    63 |     4 ||    67
Dodge: Dodged            |    41 |       ||    41
Block: Shield            |    60 |     4 ||    64
